 Dungeon Crawl Stone Soup version 0.27-a0-1332-g84bddb5ca7 (webtiles) character file.

Game seed: 3197364392193848652

382 nyamberluvr69 the Slasher (level 6, -2/50 HPs)
             Began as a Mummy Fighter on June 25, 2021.
             Slain by an ogre (15 damage)
             ... on level 6 of the Dungeon.
             The game lasted 00:07:20 (4058 turns).

nyamberluvr69 the Slasher (Mummy Fighter)           Turns: 4058, Time: 00:07:21

Health: -2/50      AC:  6    Str: 21    XL:     6   Next: 47%
Magic:  6/6        EV:  7    Int:  7    God:
Gold:   111        SH:  9    Dex: 12    Spells: 5/5 levels left

rFire    x . .     SeeInvis .   a - +0 long sword
rCold    + . .     Faith    .   c - +0 kite shield
rNeg     + + +     Spirit   .   b - +0 scale mail
rPois    ∞         Reflect  .   (no helmet)
rElec    .         Harm     .   (no cloak)
rCorr    .         Rampage  .   (no gloves)
Will     .....                  (no boots)
Stlth    ..........             (no amulet)
HPRegen  0.16/turn              (no ring)
MPRegen  0.10/turn              (no ring)

@: no status effects
A: cold resistance 1, negative energy resistance 3, torment resistance 2, heat
vulnerability 1, no potions
a: no special abilities


You were on level 6 of the Dungeon.
You visited 1 branch of the dungeon, and saw 6 of its levels.

You collected 111 gold pieces.

Inventory:

Hand Weapons
 a - a +0 long sword (weapon)
Armour
 b - a +0 scale mail (worn)
 c - a +0 kite shield (worn)
Jewellery
 i - a ring of fire
Scrolls
 d - a scroll of identify
 e - a scroll of teleportation
 f - 2 scrolls of vulnerability
 h - 2 scrolls of summoning


   Skills:
 + Level 4.8 Fighting
 * Level 4.8 Long Blades
 - Level 2.4 Armour
 - Level 2.4 Shields


You had 5 spell levels left.
You didn't know any spells.
Your spell library contained the following spells:

 Spells                   Type           Power      Damage    Failure   Level
 Beastly Appendage        Tmut           Unusable   N/A       N/A         1
 Wereblood                Tmut           Unusable   N/A       N/A         2
 Spider Form              Tmut/Pois      Unusable   N/A       N/A         3
 Ice Form                 Ice/Tmut       Unusable   N/A       N/A         4

Dungeon Overview and Level Annotations

Branches:
Dungeon (7/15)             Temple (0/1) D:6

Altars:
Hepliaklqana
Kikubaaqudgha
Sif Muna
Yredelemnul
The Shining One

Shops:
D:3 (

Annotations:
D:7 Prince Ribbit


Innate Abilities, Weirdness & Mutations

You are immune to poison.
Your flesh is cold resistant. (rC+)
You are immune to negative energy. (rN+++)
You are immune to unholy pain and torment.
You are vulnerable to heat. (rF-)
You do not drink.


Message History

The water moccasin moves out of view.
Found 9 poisoned darts and a hand crossbow.
Found an escape hatch in the ceiling.
An orc priest comes into view. It is wielding a +0 dagger.
The orc priest shouts!
The orc wizard points at you and mumbles some strange words.
The puff of flame hits you! The fire burns you terribly!
Found a hunting sling.
There is an escape hatch in the ceiling here.
A mysterious force pulls you upwards. The hatch slams shut behind you.
You hear the sound of rushing water.
There is an entrance to a sewer on this level.
Hurry and find it before the portal rusts away!
Found a staircase to the Ecumenical Temple.
Found a scroll of identify.
d - a scroll of identify
Found 18 arrows.
Okay, then.
Unknown command.
Found a runed leather armour.
There is a staircase to the Ecumenical Temple here.
You see here a +1 leather armour of willpower.
Found a smoky blue potion.
Found a stone staircase leading up.
There is a stone staircase leading up here.
Found an escape hatch in the floor.
Found an escape hatch in the ceiling.
An ogre comes into view. It is wielding a +0 giant club.
The ogre shouts!
Found a long sword.
Found a stone staircase leading down.
You slash the ogre!
The ogre is moderately wounded.
The ogre hits you with a +0 giant club.
You slash the ogre!
The ogre is heavily wounded.
The ogre hits you with a +0 giant club!
* * * LOW HITPOINT WARNING * * *
You hit the ogre.
The ogre is severely wounded.
The ogre hits you with a +0 giant club!
You die...

###.. #.# ### #####. #
.... #.# #.# .....
#.##...###.# #.# #.#.#
.........#.####.####...
.........>.. ......#.#
.......#.#.# #.# #.#.##
.......#.#.####.###.....
...<...@.......<........
.......O.############.##
....###..# #.# ... #).#
#.# # #..# #.# #..# #.#
#..# #.# #>.# #.#


You could see an ogre.

Vanquished Creatures
  A bullfrog (D:4)
  4 hounds (D:4)
  An iguana (D:3)
  An orc wizard (D:3)
  A hound skeleton (D:4)
  A gnoll (D:1)
  2 adders
  3 dart slugs
  5 orcs
  7 ball pythons
  4 bats
  7 endoplasms
  3 giant cockroaches
  6 goblins
  5 hobgoblins
  8 jackals
  7 kobolds
  6 quokkas
  3 frilled lizards
  5 rats
80 creatures vanquished.

Vanquished Creatures (collateral kills)
  Terence (D:3)
1 creature vanquished.

Grand Total: 81 creatures vanquished

Notes
Turn   | Place    | Note
-------+----------+-------------------------------------------
     0 | D:1      | nyamberluvr69 the Mummy Fighter began the quest for the
                  | Orb.
     0 | D:1      | Reached XP level 1. HP: 18/18 MP: 1/1
    63 | D:1      | Reached XP level 2. HP: 18/24 MP: 2/2
   202 | D:1      | Found a faded altar of an unknown god.
   696 | D:1      | Reached XP level 3. HP: 29/29 MP: 3/3
  1794 | D:2      | Reached XP level 4. HP: 37/37 MP: 4/4
  1817 | D:2      | Found a hazy altar of Hepliaklqana.
  2082 | D:3      | Found a basalt altar of Yredelemnul.
  2083 | D:3      | Found an ancient bone altar of Kikubaaqudgha.
  2309 | D:3      | Found a shimmering blue altar of Sif Muna.
  2653 | D:3      | Reached XP level 5. HP: 25/42 MP: 5/5
  2964 | D:3      | Noticed Terence
  3011 | D:3      | Killed Terence
  3288 | D:3      | Found Awkuteenn's Antique Weapon Shop.
  3592 | D:4      | Reached XP level 6. HP: 31/49 MP: 6/6
  4010 | D:4      | You fall into a shaft and drop 3 floors!
  4011 | D:7      | Noticed Prince Ribbit
  4012 | D:7      | Noticed a water moccasin
  4019 | D:6      | Found a staircase to the Ecumenical Temple.
  4058 | D:6      | Slain by an ogre

Illustrated notes

Levels and vault maps discovered:
D:1:      dpeg_arrival_triangle_fractal, layout_loops_corners,
          chequers_ecumenical_altar_twisty, hangedman_decor_growths, st_stairs_3
D:2:      wander_river, layout_basic, basic_altar, kennysheep_doodads
D:3:      layout_loops_ring, lemuel_coloured_pillars_altar,
          gammafunk_temple_overflow_claw, serial_shops, shop_statue,
          st_stairs_11, uniq_terence
D:4:      layout_cave_pools, lemuel_round_altar,
          gammafunk_temple_overflow_elements, serial_bayou_pond_e, minivault_23,
          st_stairs_8
D:6:      layout_loops_ring, minmay_temple_entry_steel_oval,
          gup_sewer_entry_spiral
D:7:      layout_cave_pools, nicolae_ossuary_entry_monument,
          serial_bayou_lake_a, uniq_prince_ribbit1, uniq_duvessa

Skill      XL: |  1  2  3  4  5 |
---------------+----------------+-----
Long Blades    | 2 3 4 |  4.8
Fighting       | 4 |  4.8
Armour         | |  2.4
Shields        | |  2.4

Action                   |  1- 3 |  4- 6 || total
-------------------------+-------+-------++-------
Melee: Long sword        |   130 |   166 ||   296
  Use: Scroll            |       |     7 ||     7
Armor: Scale mail        |    65 |    69 ||   134
Dodge: Dodged            |    50 |    63 ||   113
Block: Kite shield       |    67 |   102 ||   169
       Rpst.: Long sword |    14 |    22 ||    36

Table legend: (Time is in decaauts)
 A = Elapsed time spent in this place.
 B = Non-inter-level travel time spent in this place.
 C = Inter-level travel time spent in this place.
 D = Time resting spent in this place.
 E = Time spent auto-exploring this place.
 F = Levels seen in this place.
 G = Mean time per level.
                   A        B        C        D        E       F      G
               +--------+--------+--------+--------+--------+-----+--------+
         Total |   4233 |   4135 |     98 |    749 |   2618 |   6 |  705.5 |
       Dungeon |   4233 |   4135 |     98 |    749 |   2618 |   6 |  705.5 |
               +--------+--------+--------+--------+--------+-----+--------+

Top non-repeatable levels by time:
     D:3: 1349 daAuts
     D:1: 1180 daAuts
     D:2: 969 daAuts
     D:4: 685 daAuts
     D:6: 42 daAuts
     D:7: 5 daAuts
